 Dungeon Crawl Stone Soup version 0.28.0-43-g3370ac3207 (webtiles) character file.

Game seed: 8612102636577467007

52 adizb the Skirmisher (level 3, -1/34 HPs)
             Began as a Hill Orc Fighter on Mar 6, 2022.
             Slain by a quokka (2 damage)
             ... on level 2 of the Dungeon.
             The game lasted 00:03:05 (469 turns).

adizb the Skirmisher (Hill Orc Fighter)              Turns: 469, Time: 00:03:06

Health: -1/34      AC:  6    Str: 22    XL:     3   Next: 85%
Magic:  3/4        EV:  9    Int:  8    God:
Gold:   73         SH:  4    Dex: 10    Spells: 2/2 levels left

rFire   . . .      SeeInvis .   a - +0 war axe
rCold   . . .      Faith    .   c - +0 buckler
rNeg    . . .      Spirit   .   b - +0 scale mail
rPois   .          Reflect  .   (no helmet)
rElec   .          Harm     .   (no cloak)
rCorr   .          Rampage  .   (no gloves)
Will    .....                   (no boots)
Stlth   ..........              (no amulet)
HPRegen 0.11/turn               (no ring)
MPRegen 0.09/turn               (no ring)

@: mighty
A: screaming 1, strong 1, no potion heal 1
a: no special abilities


You were on level 2 of the Dungeon.
You visited 1 branch of the dungeon, and saw 2 of its levels.

You collected 73 gold pieces.

Inventory:

Hand Weapons
 a - a +0 war axe (weapon)
Armour
 b - a +0 scale mail (worn)
 c - a +0 buckler (worn)
Scrolls
 e - a scroll of enchant armour {unknown}
 h - a scroll of enchant weapon {unknown}
Potions
 f - 2 potions of attraction {unknown}
 g - a potion of haste {unknown}
 i - a potion of mutation


   Skills:
 * Level 4.3 Fighting
 * Level 3.6 Axes
 + Level 3.5 Armour
 + Level 3.5 Shields
 + Level 1.6 Invocations


You had 2 spell levels left.
You didn't know any spells.
Your spell library was empty.

Dungeon Overview and Level Annotations

Branches:
Dungeon (2/15)

Altars:


Innate Abilities, Weirdness & Mutations

You occasionally shout uncontrollably at your foes.
Your muscles are strong. (Str +2)
Potions are less effective at restoring your health.


Message History

A hobgoblin comes into view.
The kobold throws a stone.
The stone hits you.
The quokka bites you but does no damage.
You miss the frilled lizard.
The frilled lizard bites you but does no damage.
You slash the frilled lizard!
You kill the frilled lizard!
Terence hits you with a +0 flail.
You closely miss Terence. Terence hits you with a +0 flail.
You closely miss Terence. Terence hits you with a +0 flail.
Terence hits you with a +0 flail!
* * * LOW HITPOINT WARNING * * *
You feel very mighty all of a sudden. You block Terence's attack.
You slash Terence!
Terence is heavily wounded.
You block Terence's attack.
You hit Terence.
Terence is heavily wounded.
You block Terence's attack.
You slash Terence!
You kill Terence!
The giant cockroach barely misses you.
You slash the giant cockroach!
You kill the giant cockroach!
The quokka closely misses you.
You barely miss the quokka. The quokka bites you.
* * * LOW HITPOINT WARNING * * *
You barely miss the quokka. The quokka closely misses you.
The quokka bites you.
* * * LOW HITPOINT WARNING * * *
It was a potion of mutation.
You feel extremely strange.
Your system partially rejects the healing effects of potions.
You feel the urge to shout.
You feel stronger.
A goblin comes into view. It is wielding a +0 club.
You block the quokka's attack.
You barely miss the quokka.
The goblin shouts!
The quokka completely misses you. The quokka bites you.
You die...

##### #######
#####.... #.....#
........# #.....#
........# #.....#
........# #.....#
........# #.....#
........###.....#
.......Kr@....<.#
.......g###.....#
........# #.....#
..?.....# #######
...g....#
........#
#########


You could see a quokka, a hobgoblin, a goblin and a kobold.

Vanquished Creatures
  Terence (D:2)
  2 endoplasms
  2 giant cockroaches
  2 goblins (D:1)
  4 hobgoblins (D:1)
  A quokka (D:1)
  A ball python (D:1)
  4 bats (D:1)
  A frilled lizard (D:2)
  2 kobolds (D:1)
  5 rats (D:1)
25 creatures vanquished.

Notes
Turn   | Place    | Note
-------+----------+-------------------------------------------
     0 | D:1      | adizb the Hill Orc Fighter began the quest for the Orb.
     0 | D:1      | Reached XP level 1. HP: 19/19 MP: 1/1
    89 | D:1      | Reached XP level 2. HP: 26/27 MP: 2/2
   119 | D:1      | Reached skill level 1 in Invocations
   238 | D:1      | Reached skill level 4 in Fighting
   299 | D:1      | Found a faded altar of an unknown god.
   443 | D:2      | Reached XP level 3. HP: 24/33 MP: 3/3
   452 | D:2      | Noticed Terence
   464 | D:2      | Killed Terence
   467 | D:2      | HP: 1/34 [quokka (4)]
   468 | D:2      | Gained mutation: Potions are less effective at restoring
                  | your health. [potion of mutation]
   468 | D:2      | Gained mutation: You occasionally shout uncontrollably at
                  | your foes. [potion of mutation]
   468 | D:2      | Gained mutation: Your muscles are strong. (Str +2) [potion
                  | of mutation]
   469 | D:2      | Slain by a quokka

Illustrated notes

Levels and vault maps discovered:
D:1:      lightli_arrival_boilingwater, layout_basic,
          ebering_ecumenical_altar_sacrificial
D:2:      layout_basic, uniq_jessica, uniq_terence

Skill      XL: |  1  2 |
---------------+-------+-----
Axes           | 3 |  3.6
Invocations    | 1 |  1.6
Fighting       | 4 |  4.3
Armour         | |  3.5
Shields        | |  3.5

Action                   || total
-------------------------++-------
Melee: War axe           ||    64
  Use: Potion            ||     2
Armor: Scale mail        ||    38
Dodge: Dodged            ||    37
Block: Buckler           ||    22
